 Dungeon Crawl Stone Soup version 0.20-a0-904-gd863c46 (webtiles) character file.

2776 Reinor the Cruncher (level 9, -7/81 HPs)
             Began as a Minotaur Gladiator on Mar 22, 2017.
             Was a Follower of Wu Jian.
             Mangled by a two-headed ogre
             ... wielding a +0 giant spiked club
              (24 damage)
             ... on level 8 of the Dungeon.
             The game lasted 00:22:44 (5733 turns).

Reinor the Cruncher (Minotaur Gladiator)            Turns: 5733, Time: 00:22:45

Health: -7/81      AC:  6    Str: 20    XL:     9   Next: 42%
Magic:  8/8        EV: 20    Int:  7    God:    Wu Jian [*.....]
Gold:   534        SH:  0    Dex: 14    Spells: 8/8 levels left

rFire    . . .     SeeInvis .   a - +1 quarterstaff
rCold    . . .     Gourm    .   u - +0 leather armour {rPois}
rNeg     . . .     Faith    .   (shield currently unavailable)
rPois    +         Spirit   .   c - +0 hat
rElec    .         Reflect  .   D - +1 cloak
rCorr    .         Harm     .   (no gloves)
MR       .....                  (no boots)
Stlth    +.........             (no amulet)
Regen    0.3/turn               g - +2 ring of intelligence
MPRegen  0.2/turn               e - +5 ring of evasion

@: no status effects
A: retaliatory headbutt, horns 2
a: Renounce Religion


You were on level 8 of the Dungeon.
You worshipped Wu Jian.
Wu Jian was aware of your devotion.
You were not hungry.

You visited 2 branches of the dungeon, and saw 9 of its levels.

You collected 534 gold pieces.

Inventory:

Hand Weapons
 a - a +1 quarterstaff (weapon)
Missiles
 d - 5 throwing nets (quivered)
Armour
 c - a +0 hat (worn)
 u - a +0 leather armour of poison resistance (worn)
 D - a +1 cloak (worn)
Jewellery
 e - a +5 ring of evasion (left hand)
 g - a +2 ring of intelligence (right hand)
Wands
 m - a wand of random effects (48/48)
 y - a wand of flame (34/48)
Scrolls
 b - 2 scrolls of fog
 j - 2 scrolls of immolation {unknown}
 k - 5 scrolls of remove curse
 l - 2 scrolls of magic mapping
 n - 5 scrolls of teleportation
 x - 2 scrolls of recharging
 F - a scroll of silence {unknown}
Potions
 h - a potion of mutation
 i - a potion of magic
 p - a potion of cancellation
 q - 2 potions of brilliance
 r - a potion of flight
 w - a potion of lignification
 z - a potion of curing {unknown}
 A - a potion of resistance {unknown}
 B - 2 potions of haste
 C - a potion of invisibility {unknown}
 E - a potion of heal wounds
Books
 v - a book of Changes

   Spells                             Type                      Level
   a - Beastly Appendage              Transmutation                1
   b - Sticks to Snakes               Transmutation                2
   c - Spider Form                    Transmutation/Poison         3
   d - Ice Form                       Ice/Transmutation            4
   e - Blade Hands                    Transmutation                5
Comestibles
 f - 5 bread rations
 o - 12 fruits
 s - 2 meat rations
 t - 2 royal jellies


   Skills:
 - Level 8.1 Fighting
 - Level 10.2 Staves
 - Level 2.0 Throwing
 - Level 7.1 Armour
 - Level 6.2 Dodging
 + Level 1.0 Stealth
 + Level 0.8 Evocations


You had 8 spell levels left.
You didn't know any spells.

Dungeon Overview and Level Annotations

Branches:
Dungeon (8/15)             Temple (1/1) D:4
   Lair: D:8-11

Altars:
Ashenzari
Cheibriados
Elyvilon
Fedhas
Gozag
Hepliaklqana
Kikubaaqudgha
Makhleb
Nemelex Xobeh
Okawaru
Qazlal
Ru
Sif Muna
Trog
Uskayaw
Vehumet
Wu Jian
Xom
Yredelemnul
The Shining One


Innate Abilities, Weirdness & Mutations

You reflexively headbutt those who attack you in melee.
You have a pair of horns on your head.


Message History

The two-headed ogre hits you with a giant spiked club!
* * * LOW HITPOINT WARNING * * *
The two-headed ogre misses you.
You hit the two-headed ogre.
The two-headed ogre is lightly wounded.
The orc hits you with a flail of protection!
* * * LOW HITPOINT WARNING * * *
You hit the two-headed ogre but do no damage.
The two-headed ogre is lightly wounded.
The two-headed ogre completely misses you.
You furiously retaliate!
You headbutt the two-headed ogre, but do no damage.
The two-headed ogre completely misses you.
You hit the two-headed ogre.
The two-headed ogre is moderately wounded.
The orc hits you but does no damage.
You sock the two-headed ogre!
The two-headed ogre is moderately wounded.
The two-headed ogre hits you with a giant spiked club!!
You die...

..........#
#.?........#
+..........#
#..........#
#..).......####
#...#...<....#
#.###...#........#
.................#
##..@.........#
#.oOo........#
#..o.........#
#............#
#......#######
.###......########
...............#..
#...........##.#.#
#.##.......)##.#.######


You could see a two-headed ogre and 3 orcs.

Vanquished Creatures
  Pikel (D:7)
  A gargoyle (D:7)
  Menkaure (D:6)
  Duvessa (D:6)
  An orc warrior (D:7)
  A slave (D:7)
  2 ice beasts (D:5)
  4 sky beasts
  2 ogres
  2 centaurs
  A big kobold (D:7)
  Dowan (D:6)
  A howler monkey (D:7)
  A crimson imp (D:7)
  2 hounds
  2 orc priests
  A jelly (D:7)
  2 orc wizards
  A bullfrog skeleton (D:6)
  3 iguanas
  3 worker ants
  A hound skeleton (D:7)
  A gnoll (D:1)
  10 adders
  A shadow imp (D:4)
  2 oozes (D:3)
  An adder zombie (D:5)
  3 adder skeletons (D:6)
  2 worms
  2 dart slugs (D:1)
  3 leopard geckos
  15 orcs
  A giant cockroach (D:2)
  9 goblins
  8 hobgoblins
  4 jackals
  4 ball pythons
  5 bats
  4 frilled lizards
  A jackal zombie (D:5)
  10 kobolds
  A leopard gecko zombie (D:6)
  2 quokka skeletons
  11 rats
  2 rat zombies (D:6)
137 creatures vanquished.

Vanquished Creatures (others)
  A hound (D:7)
  A jackal (D:7)
  5 kobolds (D:7)
7 creatures vanquished.

Grand Total: 144 creatures vanquished

Notes
Turn   | Place    | Note
-------+----------+-------------------------------------------
     0 | D:1      | Reinor the Minotaur Gladiator began the quest for the Orb.
     0 | D:1      | Reached XP level 1. HP: 18/18 MP: 0/0
    34 | D:1      | Reached skill level 4 in Staves
    56 | D:1      | Reached XP level 2. HP: 22/25 MP: 1/1
   358 | D:1      | Reached skill level 5 in Staves
   358 | D:1      | Reached XP level 3. HP: 20/30 MP: 2/2
   778 | D:2      | Reached XP level 4. HP: 31/37 MP: 3/3
   994 | D:2      | Reached skill level 6 in Staves
  1072 | D:2      | Found a shimmering altar of Xom.
  1127 | D:2      | Found an opulent altar of Gozag.
  1310 | D:3      | Found a faded altar of an unknown god.
  1323 | D:3      | Noticed a centaur
  1330 | D:3      | Killed a centaur
  1330 | D:3      | Reached skill level 7 in Staves
  1330 | D:3      | Reached XP level 5. HP: 19/42 MP: 4/4
  1508 | D:3      | Found a shattered altar of Ashenzari.
  2259 | D:4      | Reached XP level 6. HP: 47/52 MP: 5/5
  2572 | D:4      | Reached skill level 5 in Fighting
  2913 | D:4      | Found a staircase to the Ecumenical Temple.
  2938 | Temple   | Entered the Ecumenical Temple
  2949 | Temple   | Became a worshipper of the Wu Jian Council
  3109 | D:5      | Entered Level 5 of the Dungeon
  3161 | D:5      | Noticed an ice beast
  3164 | D:5      | Found a white marble altar of Elyvilon.
  3168 | D:5      | Killed an ice beast
  3253 | D:5      | Reached XP level 7. HP: 61/61 MP: 6/6
  3431 | D:5      | Reached skill level 5 in Dodging
  4063 | D:6      | Found an ancient bone altar of Kikubaaqudgha.
  4109 | D:6      | Reached skill level 5 in Armour
  4137 | D:6      | Noticed Duvessa
  4137 | D:6      | Noticed Dowan
  4149 | D:6      | Killed Duvessa
  4149 | D:6      | Reached XP level 8. HP: 42/68 MP: 7/7
  4154 | D:6      | Killed Dowan
  4404 | D:6      | Noticed Menkaure
  4410 | D:6      | Killed Menkaure
  4620 | D:7      | Reached * piety under Wu Jian
  4620 | D:7      | Reached skill level 8 in Staves
  4633 | D:7      | Found a glowing golden altar of the Shining One.
  4634 | D:7      | Noticed Pikel
  4658 | D:7      | Killed Pikel
  4658 | D:7      | Reached skill level 9 in Staves
  4660 | D:7      | Reached skill level 10 in Staves
  4660 | D:7      | Reached XP level 9. HP: 28/74 MP: 8/8
  5234 | D:7      | Noticed a gargoyle
  5247 | D:7      | Killed a gargoyle
  5357 | D:7      | Reached skill level 1 in Stealth
  5377 | D:7      | Found a burning altar of Makhleb.
  5703 | D:8      | Noticed a two-headed ogre
  5733 | D:8      | Mangled by a two-headed ogre

Vault maps used:
D:1:      ncdulo_lavacross, minmay_octomino_c4
D:2:      nicolae_overflow_crystal_walls, xom_butterflies,
          kennysheep_generic_room_12
D:3:      first_bread, chequers_ecumenical_altar_simple,
          nicolae_ashenzari_panopticon
D:4:      lemuel_temple_firewalk_b
D:5:      overflow_temple_1_default
D:6:      lemuel_zombie_altar_kikubaaqudgha, uniq_duvessa, uniq_menkaure
D:7:      lemuel_crystal_altar, lemuel_coloured_pillars_altar, serial_glass,
          glass_columns_a, glass_columns_a, glass_columns_a, glass_columns_c,
          glass_columns_a, glass_columns_b, glass_columns_a, glass_columns_a,
          glass_columns_a, glass_columns_a, glass_columns_b, glass_columns_c,
          glass_columns_a, glass_columns_a, uniq_pikel
D:8:      kennysheep_mini_moat
Temple:   cyrus_circular_temple

Skill      XL: |  1  2  3  4  5  6  7  8  9 |
---------------+----------------------------+-----
Staves         | 4 5 7 10 | 10.2
Fighting       | 4 5 8 |  8.1
Armour         | 3 5 7 |  7.1
Dodging        | 4 6 |  6.2
Stealth        | 1 |  1.0
Throwing       | |  2.0
Evocations     | |  0.8

Action                   |  1- 3 |  4- 6 |  7- 9 || total
-------------------------+-------+-------+-------++-------
Melee: Quarterstaff      |    52 |   106 |   203 ||   361
       Headbutt          |     7 |    17 |    31 ||    55
  Use: Scroll            |     2 |     6 |     9 ||    17
       Potion            |       |       |     5 ||     5
  Eat: Chunk             |       |     7 |     8 ||    15
Armor: Leather armour    |     4 |     3 |    13 ||    20
       Skin              |       |       |    68 ||    68
Dodge: Dodged            |    41 |    81 |   146 ||   268
